 Dungeon Crawl Stone Soup version 0.29-a0-994-gc5c9f59d18 (webtiles) character file.

Game seed: 10513245773296528626

302 Ajdolov the Chopper (level 6, -4/51 HPs)
             Began as a Ghoul Cinder Acolyte on Aug 3, 2022.
             Was an Elder of Ignis.
             Slain by an ogre
             ... wielding a +0 giant spiked club
              (30 damage)
             ... on level 4 of the Dungeon.
             The game lasted 00:03:19 (4134 turns).

Ajdolov the Chopper (Ghoul Cinder Acolyte)          Turns: 4134, Time: 00:03:20

Health: -4/51      AC: 13    Str: 20    XL:     6   Next: 37%
Magic:  6/6        EV:  9    Int:  9    God:    Ignis [****..]
Gold:   186        SH:  0    Dex:  4    Spells: 7/7 levels left

rFire   + . .      SeeInvis .   j - +0 war axe
rCold   + . .      Faith    .   (no shield)
rNeg    + + +      Spirit   .   m - +0 scale mail
rPois   ∞          Reflect  .   (no helmet)
rElec   .          Harm     .   (no cloak)
rCorr   .          Rampage  .   (no gloves)
Will    .....                   (no boots)
Stlth   ..........              (no amulet)
HPRegen 0.00/turn               (no ring)
MPRegen 0.10/turn               (no ring)

@: fiery-armoured, inhibited regen
A: claws 1, cold resistance 1, negative energy resistance 3, inhibited
regeneration, torment resistance 2, devour on kill
a: Renounce Religion, Fiery Armour, Foxfire Swarm, Rising Flame


You were on level 4 of the Dungeon.
You worshipped Ignis.
Ignis was greatly pleased with you.
You visited 1 branch of the dungeon, and saw 4 of its levels.

You collected 186 gold pieces.

Inventory:

Hand Weapons
 j - a +0 war axe (weapon)
Armour
 m - a +0 scale mail (worn)
Wands
 l - a wand of quicksilver (7)
Scrolls
 b - 6 scrolls of identify {unknown}
 c - a scroll of fear {unknown}
 e - a scroll of magic mapping {unknown}
 n - a scroll of blinking {unknown}
 o - a scroll of teleportation {unknown}
Potions
 a - a potion of haste {unknown}
 d - 2 potions of attraction {unknown}
 f - a potion of berserk rage {unknown}
 g - 2 potions of flight {unknown}
 h - a potion of brilliance {unknown}
 i - 2 potions of curing
 k - a potion of resistance {unknown}


   Skills:
 - Level 3.2 Fighting
 * Level 6.3 Axes
 - Level 1.0 Spellcasting
 - Level 2.4 Fire Magic


You had 7 spell levels left.
You didn't know any spells.
Your spell library contained the following spells:

 Spells                   Type           Power      Damage    Failure   Level
 Scorch                   Fire           8%         2d5       54%         2
 Summon Small Mammal      Summ           0%         N/A       73%         1
 Malign Gateway           Summ/Tloc      0%         N/A       100%        7
 Summon Horrible Things   Summ           0%         N/A       100%        8


Dungeon Overview and Level Annotations

Branches:
Dungeon (4/15)
 Temple: D:4-7

Altars:
Sif Muna
Xom
Yredelemnul

Annotations:
D:3 1 runed translucent door


Innate Abilities, Weirdness & Mutations

You are immune to poison.
You have sharp fingernails.
Your flesh is cold resistant. (rC+)
You are immune to negative energy. (rN+++)
You do not regenerate when monsters are visible.
You are immune to unholy pain and torment.
You thrive by killing the living.


Message History

The ball python grabs you. The ball python constricts you.
You hit the ball python.
The ball python is severely wounded.
The ball python bites you but does no damage.
The ball python constricts you.
You slash the ball python!
You kill the ball python!
You feel better.
You barely miss the orc. The orc hits you but does no damage.
You closely miss the orc. You slash the orc!
You kill the orc!
You hit the orc.
The orc is heavily wounded.
The orc closely misses you.
You closely miss the orc. You slash the orc!
You kill the orc!
The orc hits you but does no damage.
You hit the orc.
The orc is severely wounded.
The orc hits you but does no damage.
You hit the orc.
You kill the orc!
Things that are here:
a +0 hand axe; a +0 leather armour; an orc corpse
Things that are here:
a +0 dagger; a +0 leather armour; an orc corpse
b - 6 scrolls labelled QONUEG WEUNNIKICK (gained 1)
Things that are here:
a +0 dagger; a +0 leather armour; an orc corpse
o - a scroll labelled DEH KAUXZOZOMO You open the door.
There is an open door here.
An ogre comes into view. It is wielding a +0 giant spiked club.
You closely miss the ogre.
The ogre hits you with a +0 giant spiked club!!
A protective cloak of flame settles atop you.
The ogre hits you with a +0 giant spiked club!!
Ouch! That really hurt!
You die...

#.# ##+#.#
#....#
#....#
######
#....#
#....#
#....#
#....#
#..O.#
#....# # #@#
#....#
#.#.###....#
#.....'....+
###+###....#
#.....#####
#.......#
#....^..#
#.......#
#.......###


You could see an ogre.

Vanquished Creatures
  A phantom (D:3)
  An orc priest (D:3)
  An iguana (D:3)
  2 orc wizards (D:2)
  Terence (D:3)
  3 adders (D:2)
  A worm (D:2)
  A dart slug (D:1)
  9 orcs
  3 endoplasms
  2 giant cockroaches
  6 hobgoblins
  5 jackals (D:2)
  A quokka (D:3)
  2 ball pythons
  2 bats (D:3)
  3 frilled lizards (D:1)
  7 goblins
  5 kobolds
  7 rats
63 creatures vanquished.

Vanquished Creatures (others)
  8 foxfires (D:3)
  A fungus (D:1)
9 creatures vanquished.

Grand Total: 72 creatures vanquished

Notes
Turn   | Place    | Note
-------+----------+-------------------------------------------
     0 | D:1      | Ajdolov the Ghoul Cinder Acolyte began the quest for the
                  | Orb.
     0 | D:1      | Reached XP level 1. HP: 19/19 MP: 1/1
   262 | D:1      | Reached skill level 3 in Axes
   263 | D:1      | Reached XP level 2. HP: 18/26 MP: 2/2
   641 | D:1      | Found a faded altar of an unknown god.
   649 | D:1      | Got Plato's Codex of Apparitions
  1085 | D:2      | Reached XP level 3. HP: 31/31 MP: 3/3
  1253 | D:2      | Reached skill level 4 in Axes
  1737 | D:2      | Reached XP level 4. HP: 36/38 MP: 4/4
  2355 | D:3      | Found a runed translucent door.
  2355 | D:3      | Noticed a human
  2677 | D:2      | Reached skill level 5 in Axes
  2677 | D:2      | Reached XP level 5. HP: 15/45 MP: 5/5
  3455 | D:3      | Noticed Terence
  3472 | D:3      | Killed Terence
  3666 | D:3      | Found a basalt altar of Yredelemnul.
  3711 | D:3      | Found a shimmering altar of Xom.
  3711 | D:3      | Noticed a phantom
  3739 | D:3      | Killed a phantom
  3740 | D:3      | Reached skill level 6 in Axes
  3740 | D:3      | Reached XP level 6. HP: 45/51 MP: 6/6
  3932 | D:3      | Found a shimmering blue altar of Sif Muna.
  4134 | D:4      | Slain by an ogre

Illustrated notes

Levels and vault maps discovered:
D:1:      matt_arrival_refuge, layout_basic, shapermc_ecumenical_altar_rom_forum
D:2:      layout_loops_corners
D:3:      cheibrodos_pilgrimage, layout_loops_ring,
          mainiacjoe_overflow_alcove_4, lemuel_blue_sif_altar,
          dk_yredelemnul_ordeal, chequers_mini_garden, supply_closet_lemuel,
          uniq_terence
D:4:      layout_basic, tso_altar, fedhas_altar_1, minmay_temple_entry_statues,
          enter_ossuary_5

Skill      XL: |  1  2  3  4  5 |
---------------+----------------+-----
Axes           | 3 4 5 6 |  6.3
Fighting       | |  3.2
Spellcasting   | |  1.0
Fire Magic     | |  2.4

Action                   |  1- 3 |  4- 6 || total
-------------------------+-------+-------++-------
Melee: Hand axe          |   111 |       ||   111
       Punch             |     1 |       ||     1
       War axe           |    16 |   123 ||   139
Invok: Fiery Armour      |       |     2 ||     2
       Foxfire Swarm     |       |     1 ||     1
Armor: Ring mail         |    46 |    49 ||    95
       Scale mail        |       |    22 ||    22
Dodge: Dodged            |    75 |    57 ||   132

Table legend: (Time is in decaauts)
 A = Elapsed time spent in this place.
 B = Non-inter-level travel time spent in this place.
 C = Inter-level travel time spent in this place.
 D = Time resting spent in this place.
 E = Time spent auto-exploring this place.
 F = Levels seen in this place.
 G = Mean time per level.
                   A        B        C        D        E       F      G
               +--------+--------+--------+--------+--------+-----+--------+
         Total |   4182 |   4110 |     72 |    399 |   3087 |   4 | 1045.5 |
       Dungeon |   4182 |   4110 |     72 |    399 |   3087 |   4 | 1045.5 |
               +--------+--------+--------+--------+--------+-----+--------+

Top non-repeatable levels by time:
     D:2: 1742 daAuts
     D:3: 1359 daAuts
     D:1: 1034 daAuts
     D:4: 46 daAuts
